 Dungeon Crawl Stone Soup version 0.29.1-2-gbd0b4ee654 (webtiles) character file.

Game seed: 1907120099588296426

863 funnyparkerb the Ruffian (level 7, -3/52 HPs)
             Began as a White Draconian Transmuter on Nov 13, 2022.
             Slain by an orc wizard
             ... wielding a +2 dagger of venom
              (4 damage)
             ... on level 5 of the Dungeon.
             The game lasted 00:08:38 (6204 turns).

funnyparkerb the Ruffian (DrTm)                     Turns: 6204, Time: 00:08:38

Health: -3/52      AC:  2    Str: 10 (12) XL:     7   Next: 72%
Magic:  21/22      EV: 19    Int: 15 (16) God:
Gold:   265        SH:  0    Dex: 15 (16) Spells: 9/15 levels left

rFire   . . .      SeeInvis .     - Unarmed
rCold   + . .      Faith    .   (shield currently unavailable)
rNeg    . . .      Spirit   .   (body armour unavailable)
rPois   x          Reflect  .   (helmet currently unavailable)
rElec   .          Harm     .   (cloak currently unavailable)
rCorr   .          Rampage  .   (gloves currently unavailable)
Will    .....                   (boots currently unavailable)
Stlth   +.........              (no amulet)
HPRegen 0.17/turn               f - ring of magical power
MPRegen 0.18/turn               h - ring of protection from cold

@: confused, brilliant, lethally poisoned (-3 -> -13), spider-form (expiring),
studying Polearms
A: venomous fangs, (breathe frost), AC +6, tiny, unfitting armour, (cold
resistance 1), (cold-blooded)
a: End Transformation


You were on level 5 of the Dungeon.
You were a venomous arachnid creature.
You visited 2 branches of the dungeon, and saw 6 of its levels.

You collected 265 gold pieces.

Inventory:

Missiles
 m - a throwing net
 y - 4 curare-tipped darts
Armour
 c - a +2 hat (melded)
 q - a +0 pair of gloves (melded)
Jewellery
 f - a ring of magical power (left front leg)
 h - a ring of protection from cold (right front leg)
 s - a ring of wizardry
 A - a ring of positive energy
Wands
 w - a wand of paralysis (20)
 x - a wand of roots (12)
Scrolls
 d - 4 scrolls of enchant armour {unknown}
 i - 8 scrolls of identify {unknown}
 j - 3 scrolls of fog {unknown}
 l - 3 scrolls of enchant weapon {unknown}
 p - a scroll of silence {unknown}
 t - 3 scrolls of poison {unknown}
 v - a scroll of fear {unknown}
 z - 3 scrolls of teleportation {unknown}
 B - a scroll of noise {unknown}
 D - a scroll of magic mapping {unknown}
Potions
 a - 3 potions of lignification
 b - a potion of brilliance
 e - 2 potions of might {unknown}
 g - a potion of cancellation {unknown}
 k - 2 potions of berserk rage
 n - a potion of curing {unknown}
 o - a potion of degeneration
 r - a potion of attraction {unknown}
 C - a potion of mutation {unknown}


   Skills:
 - Level 1.1 Fighting
 - Level 1.7 Dodging
 + Level 5.4 Unarmed Combat
 + Level 4.5 Spellcasting
 + Level 4.9 Transmutations
 + Level 3.4 Poison Magic


You had 9 spell levels left.
You knew the following spells:

 Your Spells              Type           Power      Damage    Failure   Level
a - Beastly Appendage     Tmut           54%        N/A       9%          1
b - Wereblood             Tmut           27%        N/A       11%         2
c - Spider Form           Tmut/Pois      24%        N/A       22%         3

Your spell library contained the following spells:

 Spells                   Type           Power      Damage    Failure   Level
 Gell's Gravitas          Tloc           5%         N/A       67%         3
 Lesser Beckoning         Tloc           5%         N/A       67%         3
 Teleport Other           Tloc           5%         N/A       67%         3
 Ice Form                 Ice/Tmut       16%        N/A       73%         4


Dungeon Overview and Level Annotations

Branches:
Dungeon (5/15)             Temple (1/1) D:4

Altars:
Ashenzari
Cheibriados
Dithmenos
Elyvilon
Fedhas
Hepliaklqana
Kikubaaqudgha
Nemelex Xobeh
Okawaru
Qazlal
Sif Muna
Trog
Vehumet
Wu Jian
Yredelemnul
The Shining One

Shops:
D:4 *

Annotations:
D:3 3 runed translucent doors, lotum's ghost, amateur DsAK; silentkaos13's ghost, amateur DsVM
D:5 1 runed translucent door, zermelo's ghost, amateur MiBe


Innate Abilities, Weirdness & Mutations

You are a venomous arachnid creature.
You have poisonous fangs.
You are tiny and dextrous.
Your spellcasting is less reliable in this form.
Your armour is entirely melded.
You are incapable of wielding weapons or throwing items.
((You can breathe waves of freezing cold which knock back foes.))
((Your icy white scales are hard. (AC +6)))
You cannot fit into any form of body armour.
((Your flesh is cold resistant. (rC+)))
((You are cold-blooded and may be slowed by cold attacks.))


Message History

The orc wizard mumbles some strange words.
The orc wizard flickers and vanishes!
Deactivating autopickup; reactivate with Ctrl-A.
Something barely misses you.
The orc wizard hits you with a +0 dagger.
The orc wizard blocks your attack.
The orc wizard is severely wounded.
You hear some strange, mumbled words.
You are confused.
The orc wizard gestures at you while chanting.
The magic dart hits you!
* * * LOW HITPOINT WARNING * * *
You hit the orc wizard.
The orc wizard is almost dead.
Something hits you.
* * * LOW HITPOINT WARNING * * *
The orc wizard hits you but does no damage.
You bump into the rock wall.
Something completely misses you. The orc wizard completely misses you.
You kill the orc wizard!
Something closely misses you.
An orc comes into view. It is wielding a +0 mace.
You bump into the rock wall.
The orc shouts!
Something hits you.
* * * LOW HITPOINT WARNING * * *
You are lethally poisoned!
It was a potion of brilliance.
You feel clever all of a sudden.
* * * LOW HITPOINT WARNING * * *
You feel very sick. Something closely misses you.
It was a potion of degeneration.
There was something very wrong with that liquid.
You feel weakened.
You feel dopey.
You feel clumsy.
Your transformation is almost over.
* * * LOW HITPOINT WARNING * * *
You feel very sick. Something hits you.
You die...

.. .# .. <.#. .. .##. ##
.#.. #. ##.###.######.
... #. ............##"
#.. .##............##= #
##..####..o...........#..
#.#....##{s#
.......(..#.#
##...#..##.##
..........#.#
......)).))#
.......÷....# #...##).###
...........## . #....##
###..##..#.# #.##..#
#..###...# #.###.# #..#
##..# #..##.# #..# ##..#
##..#†## ###..###...##


You could see an orc.

Vanquished Creatures
  2 black bears
  A scorpion (D:4)
  7 hounds
  2 jellies (D:4)
  4 iguanas
  Ijyb (D:5)
  3 orc wizards
  A gnoll (D:1)
  4 adders
  5 worms
  7 dart slugs
  8 orcs
  10 bats
  7 endoplasms
  2 giant cockroaches
  7 goblins
  7 hobgoblins
  4 jackals (D:1)
  4 kobolds
  4 quokkas
  4 ball pythons
  A frilled lizard (D:3)
  7 rats
102 creatures vanquished.

Vanquished Creatures (others)
  4 plants (D:2)
4 creatures vanquished.

Grand Total: 106 creatures vanquished

Notes
Turn   | Place    | Note
-------+----------+-------------------------------------------
     0 | D:1      | funnyparkerb the Draconian Transmuter began the quest for
                  | the Orb.
     0 | D:1      | Reached XP level 1. HP: 16/16 MP: 3/3
   208 | D:1      | Reached XP level 2. HP: 19/23 MP: 3/5
   628 | D:1      | Learned a level 2 spell: Wereblood
   750 | D:1      | Reached XP level 3. HP: 28/28 MP: 6/6
  1105 | D:2      | Found a faded altar of an unknown god.
  1619 | D:2      | Reached XP level 4. HP: 32/35 MP: 8/8
  1623 | D:2      | Learned a level 3 spell: Spider Form
  2551 | D:3      | Found a runed translucent gate.
  2551 | D:3      | Found a runed translucent gate.
  2551 | D:3      | Found a runed translucent gate.
  2555 | D:3      | Noticed lotum's ghost (amateur DsAK)
  2555 | D:3      | Noticed silentkaos13's ghost (amateur DsVM)
  3455 | D:4      | Found a staircase to the Ecumenical Temple.
  3517 | D:4      | Reached skill level 4 in Unarmed Combat
  3517 | D:4      | Reached XP level 5. HP: 17/40 MP: 9/9
  3722 | Temple   | Entered the Ecumenical Temple
  3944 | D:4      | Reached skill level 1 in Poison Magic
  4200 | D:4      | Reached XP level 6. HP: 47/47 MP: 11/11
  4725 | D:4      | Found Zucaacvyimn's Assorted Antiques.
  5358 | D:5      | Entered Level 5 of the Dungeon
  5366 | D:5      | Noticed Ijyb
  5367 | D:5      | Paralysed by Ijyb for 2 turns
  5370 | D:5      | Found a runed translucent door.
  5381 | D:5      | Killed Ijyb
  5382 | D:5      | Your scales start taking on an icy white colour.
  5382 | D:5      | Reached XP level 7. HP: 20/52 MP: 13/13
  5382 | D:5      | Gained mutation: Your flesh is cold resistant. (rC+) [White
                  | Draconian growth]
  5609 | D:5      | Reached skill level 5 in Unarmed Combat
  6017 | D:5      | Noticed zermelo's ghost (amateur MiBe)
  6204 | D:5      | HP: 1/52 [poisoned by an orc wizard]
  6204 | D:5      | Slain by an orc wizard

Illustrated notes

Levels and vault maps discovered:
D:1:      lightli_arrival_maybe_door_vault, layout_loops_ring
D:2:      layout_loops_ring, ebering_ecumenical_altar_box, serial_forest,
          infiniplex_forest_end_double, infiniplex_forest_straight_1,
          infiniplex_forest_end_2, infiniplex_forest_corner_1,
          infiniplex_forest_lined_3, infiniplex_forest_clump_small,
          infiniplex_forest_clump_C, infiniplex_forest_lined_3
D:3:      kennysheep_slugbush, layout_basic, gammafunk_ghost_cemetery
D:4:      minmay_inner_zag, layout_loops_corners, minmay_temple_entry_statues,
          grunt_decor_fettered, nicolae_stop_n_shop_1,
          minmay_manual_mandibuliform
D:5:      layout_rooms, serial_rivers, chequers_serial_rivers_room_a,
          chequers_serial_rivers_small_b, chequers_serial_rivers_room_a,
          chequers_serial_rivers_micro_c, chequers_serial_rivers_micro_e,
          ebering_ghost_reflecting_pool, hangedman_decor_push, uniq_ijyb
Temple:   nicolae_temple_x_marks_the_god

Skill      XL: |  1  2  3  4  5  6  7 |
---------------+----------------------+-----
Transmutations | 3 4 |  4.9
Spellcasting   | 3 4 |  4.5
Unarmed Combat | 4 5 |  5.4
Poison Magic   | 1 2 3 |  3.4
Fighting       | |  1.1
Dodging        | |  1.7

Action                   |  1- 3 |  4- 6 |  7- 9 || total
-------------------------+-------+-------+-------++-------
Melee: Unarmed           |   102 |   155 |    79 ||   336
       Kick              |    18 |     8 |       ||    26
       Tailslap          |    11 |     7 |     3 ||    21
       Headbutt          |     7 |     4 |       ||    11
       Punch             |     2 |     2 |     2 ||     6
 Cast: Beastly Appendage |    25 |    13 |       ||    38
       Wereblood         |    10 |    16 |     3 ||    29
       Spider Form       |       |    13 |     4 ||    17
 Abil: Breathe Frost     |       |       |     4 ||     4
  Use: Potion            |       |       |     2 ||     2
 Stab: Sleeping          |     3 |       |       ||     3
Armor: Skin              |    20 |    50 |    20 ||    90
Dodge: Dodged            |    55 |   144 |    66 ||   265
